Map: Arctic Dream LE

Players

qqq - Winner!

  • Race: Zerg Zerg
  • League: Platinum
  • Spawn Location: 5:00

Massa - Winner!

  • Race: Terran Terran
  • League: Gold
  • Spawn Location: 6:00

GRRROVER

  • Race: Zerg Zerg
  • Spawn Location: 12:00

TIMAN

  • Race: Terran Terran
  • Spawn Location: 11:00

VOD

Have the link to the VOD?

Description

Time

  • Played on: May 19, 2020, 2:15 p.m.
  • Length: 4:58
Show
View Real Time Build Order
Export as new Build Order

qqq Zerg - Winner!

Build Orders: Hatch First 

Get SALT Encoding   

  12  0:04  Drone  
  13  0:12  Drone  
  14  0:35  Hatchery  
  13  0:50  Spawning Pool  
  12  0:58  Overlord  
  13  1:04  Drone  
  13  1:06  Drone  
  13  1:09  Extractor  
  13  1:14  Drone  
  14  1:28  Drone  
  15  1:37  Zergling x2  
  16  1:42  Queen  
  16  1:44  Zergling x2  
  19  1:48  Drone  
  20  1:55  Queen  
  20  2:00  Zergling x2  
  23  2:05  Drone  
  24  2:12  Zergling x2  
  25  2:20  Zergling x2  
  25  2:21  Zergling x4  
  28  2:31  Overlord  
  28  2:35  Metabolic Boost  
  28  2:41  Overlord  
  28  2:50  Zergling x2  
  28  2:51  Zergling x2  
  30  2:53  Zergling x2  
  31  2:59  Zergling x2  
  31  3:03  Overlord  
  32  3:09  Zergling x2  
  33  3:15  Drone x2  
  35  3:20  Zergling x2  
  35  3:23  Drone  
  37  3:32  Zergling x4  
  37  3:33  Zergling x2  
  40  3:35  Drone  
  41  3:48  Zergling x8  
  42  4:00  Zergling x2  
  42  4:01  Drone  
  42  4:02  Drone x2, Zergling x2  
  38  4:17  Zergling x2  
  38  4:18  Zergling x6  
Show
View Real Time Build Order
Export as new Build Order

Massa Terran - Winner!

Build Orders:  

Get SALT Encoding   

  12  0:03  SCV  
  13  0:15  Supply Depot  
  13  0:18  SCV  
  14  0:30  SCV  
  15  0:40  Barracks  
  15  0:42  SCV  
  16  0:54  SCV  
  17  1:04  Refinery  
  17  1:06  SCV  
  17  1:09  Supply Depot  
  18  1:18  SCV  
  19  1:30  SCV  
  20  1:37  Barracks  
  20  1:39  Barracks  
  20  1:41  Marine  
  21  1:53  Barracks  
  21  1:55  SCV  
  21  1:59  Marine  
  23  2:07  Supply Depot  
  23  2:08  SCV  
  24  2:17  Marine  
  25  2:33  Orbital Command  
  25  2:34  Marine x3  
  28  2:41  Marine  
  29  2:52  Marine x3  
  32  3:05  Marine  
  33  3:10  Marine x3  
  36  3:14  Supply Depot  
  36  3:22  Marine  
  37  3:28  Marine x2  
  39  3:34  Supply Depot  
  39  3:35  Marine  
  39  3:40  Marine  
  41  3:45  Marine  
  41  3:48  Marine  
  42  3:53  Marine  
  43  3:58  Marine  
  44  4:03  Marine  
  44  4:06  Marine  
  44  4:11  Marine  
  44  4:16  Marine  
  46  4:21  Marine  
  46  4:23  Marine  
  48  4:28  Marine  
  50  4:39  Marine  
  52  4:46  Factory  
  52  4:47  Barracks Tech Lab  
Show
View Real Time Build Order
Export as new Build Order

GRRROVER Zerg 

Build Orders: Hatch First 

Get SALT Encoding   

  12  0:01  Drone  
  13  0:13  Overlord  
  13  0:24  Drone  
  14  0:32  Drone  
  14  0:33  Drone  
  16  0:51  Hatchery  
  16  0:55  Drone  
  17  0:57  Drone  
  17  1:01  Drone  
  18  1:11  Drone  
  18  1:15  Extractor  
  18  1:21  Spawning Pool  
  18  1:25  Drone  
  18  1:30  Drone  
  19  1:40  Drone  
  20  1:53  Overlord  
  20  2:06  Drone x2  
  20  2:07  Queen  
  24  2:08  Queen  
  24  2:15  Extractor, Drone x2  
  27  2:35  Drone  
  28  2:37  Hatchery  
  27  2:44  Drone x3  
  30  2:53  Zergling x2  
  30  2:57  Queen  
  33  3:03  Overlord  
  33  3:07  Drone  
  33  3:10  Drone  
  33  3:11  Drone  
  36  3:22  Drone x2, Baneling Nest  
  36  3:30  Zergling x6  
  39  3:34  Zergling x2  
  40  3:45  Zergling x10  
  41  3:55  Spine Crawler  
  33  4:04  Overlord  
  33  4:05  Overlord  
  22  4:14  Drone x2  
  24  4:31  Zergling x4  
Show
View Real Time Build Order
Export as new Build Order

TIMAN Terran 

Build Orders:  

Get SALT Encoding   

  12  0:00  SCV  
  13  0:13  SCV  
  14  0:20  Supply Depot  
  14  0:25  SCV  
  15  0:42  SCV, Barracks  
  16  0:51  Supply Depot  
  16  0:54  SCV  
  17  1:06  SCV  
  17  1:08  Barracks  
  18  1:18  SCV  
  19  1:29  Marine  
  19  1:31  Orbital Command  
  20  1:55  Marine  
  20  1:56  Bunker  
  21  2:03  Marine  
  21  2:07  Command Center  
  22  2:11  Refinery  
  22  2:15  Refinery  
  21  2:27  Marine x2  
  21  2:29  SCV  
  24  2:39  Refinery  
  24  2:41  SCV  
  25  2:45  Barracks, Marine  
  26  2:54  Barracks Tech Lab  
  27  2:58  SCV  
  27  3:02  Supply Depot  
  27  3:04  Refinery  
  27  3:05  Barracks Reactor  
  27  3:10  SCV  
  28  3:16  Factory  
  28  3:23  Orbital Command  
  28  3:32  Marine  
  29  3:34  Marine  
  29  3:36  Combat Shield  
  30  3:41  SCV  
  30  3:43  Marine  
  30  3:44  Marine  
  33  3:50  Marine  
  33  3:52  Marine  
  35  4:02  Hellion  
  37  4:09  Bunker  
  35  4:16  Marine x3  
  35  4:18  Marauder  
  37  4:25  Hellion  
  37  4:26  SCV  
  40  4:33  Marine  
  40  4:38  Marine x2  
Tags
 
Add a new tag
Caveats
  • Supply blocks, unpowered buildings, or Contaminate may cause inaccurate times.
  • Supply counts are checked every 10 seconds.